AoeStats
← 大明湖畔

Arena

510700413Analyzed
4v4 RM · 21h ago on Oct 2, 2026· 74m 20s· 8 players
Game mode
Random Map
Map size
Large (8 player)
Population
200
Speed
Normal
Resources
Standard
Victory
Conquest
Starting age
Dark Age
Ending age
Imperial Age
RankedLock teamsTeams togetherTeam positionsShared explorationLock speedFull tech treeHidden civsTurbo modeCheats
Victory
Defeat
🇨🇳 Cumans · China
1234
+15
🇨🇦 Italians · Canada
1220
+16
🇨🇴 Muisca · Colombia
1182
+17
🇹🇷 Byzantines · Türkiye
1173
+18
🇨🇳 Britons · China
1334
-21
🇮🇳 Khmer · India
1300
-20
🇹🇭 Teutons · Thailand
1119
-13
🇦🇺 Huns · Australia
1112
-12
用爱感化队友
8:59 Feudal Age
9:30 Double-Bit Axe
15:06 Horse Collar
17:15 Wheelbarrow
20:12 Castle Age
20:26 Scale Barding Armor
20:31 Forging
20:14 Gold Mining
20:59 Bloodlines
20:44 Loom
21:53 Chain Barding Armor
21:55 Bow Saw
22:18 Heavy Plow
24:39 Capped Ram
26:57 Gold Shaft Mining
27:35 Iron Casting
30:07 Stone Mining
30:34 Town Watch
33:58 Hand Cart
38:27 Imperial Age
38:31 Cavalier
39:52 Plate Barding Armor
40:17 Blast Furnace
40:21 Two-Man Saw
39:54 Crop Rotation
40:19 Conscription
39:59 Paladin
41:52 Light Cavalry
42:55 Hussar
48:50 Siege Ram
50:39 Hoardings
50:08 Steppe Husbandry
53:25 Guilds
61:45 Hoardings
61:11 Cuman Mercenaries
64:49 Onager
66:07 Caravan
66:38 Siege Onager
Finn The Human
11:24 Feudal Age
12:00 Double-Bit Axe
15:23 Castle Age
13:38 Horse Collar
18:53 Bow Saw
20:31 Loom
24:16 Wheelbarrow
24:27 Gold Mining
24:27 Stone Mining
24:41 Heavy Plow
27:06 Stone Shaft Mining
27:11 Fletching
27:27 Scale Barding Armor
27:42 Hand Cart
29:02 Bodkin Arrow
29:27 Chain Barding Armor
29:54 Gold Shaft Mining
29:44 Forging
32:18 Imperial Age
31:44 Padded Archer Armor
32:21 Iron Casting
34:01 Plate Barding Armor
35:06 Chemistry
34:09 Bracer
34:27 Leather Archer Armor
33:37 Elite Skirmisher
34:22 Thumb Ring
35:12 Logistica
35:23 Conscription
35:15 Elite Cataphract
37:17 Two-Man Saw
37:49 Ring Archer Armor
38:07 Thumb Ring
46:23 Hoardings
49:06 Pikeman
49:46 Squires
49:33 Gambesons
49:35 Halberdier
50:16 Scale Mail Armor
51:47 Ballistics
52:55 Chain Mail Armor
52:49 Murder Holes
55:21 Plate Mail Armor
58:40 Arson
will_evans
4:16 Loom
11:32 Feudal Age
13:02 Horse Collar
13:09 Double-Bit Axe
18:23 Castle Age
16:55 Stone Mining
16:56 Gold Mining
19:30 Heavy Plow
19:42 Bow Saw
21:58 Ballistics
24:23 Fletching
26:17 Wheelbarrow
29:36 Imperial Age
27:27 Bodkin Arrow
30:22 Hand Cart
29:53 Town Watch
31:27 Bracer
33:44 Elite Genoese Crossbowman
35:30 Padded Archer Armor
35:56 Town Patrol
37:03 Chemistry
36:07 Caravan
38:49 Capped Ram
39:34 Squires
39:20 Arson
38:56 Pikeman
41:05 Leather Archer Armor
41:01 Forging
40:52 Scale Mail Armor
42:43 Ring Archer Armor
44:25 Conscription
44:41 Hoardings
45:23 Iron Casting
45:04 Chain Mail Armor
48:35 Blast Furnace
48:05 Plate Mail Armor
54:03 Murder Holes
54:18 Masonry
63:07 Thumb Ring
65:43 Coinage
65:35 Herbal Medicine
68:16 Banking
SergioRt
10:38 Feudal Age
14:30 Castle Age
13:03 Double-Bit Axe
13:00 Horse Collar
15:33 Bow Saw
20:11 Fletching
20:17 Gold Mining
20:50 Bodkin Arrow
22:32 Padded Archer Armor
23:32 Leather Archer Armor
23:41 Ballistics
30:27 Imperial Age
29:37 Loom
30:27 Wheelbarrow
30:09 Town Watch
30:38 Heavy Plow
30:37 Stone Mining
31:10 Bracer
31:32 Conscription
35:40 Squires
36:36 Elite Skirmisher
xcfotrp131
10:22 Feudal Age
11:40 Double-Bit Axe
14:19 Castle Age
12:45 Horse Collar
15:40 Bow Saw
15:34 Heavy Plow
22:40 Wheelbarrow
22:44 Loom
28:05 Imperial Age
26:04 Fletching
27:56 Padded Archer Armor
28:42 Bodkin Arrow
30:18 Hand Cart
31:12 Two-Man Saw
30:16 Bracer
30:59 Gold Mining
31:53 Stone Mining
32:42 Leather Archer Armor
34:14 Ring Archer Armor
34:08 Elite Longbowman
35:10 Conscription
35:18 Ballistics
35:56 Town Watch
37:04 Forging
36:54 Scale Mail Armor
38:05 Yeomen
39:29 Chemistry
39:48 Chain Mail Armor
40:09 Iron Casting
42:32 Plate Mail Armor
43:19 Gold Shaft Mining
43:00 Warwolf
45:06 Blast Furnace
45:51 Pikeman
46:51 Squires
46:53 Halberdier
54:36 Caravan
56:18 Heavy Scorpion
69:17 Elite Skirmisher
72:21 Scale Barding Armor
SB 打碎小粉紅
7:52 Loom
11:49 Feudal Age
13:21 Wheelbarrow
14:04 Double-Bit Axe
17:06 Castle Age
14:58 Horse Collar
15:46 Stone Mining
18:46 Bow Saw
18:29 Gold Mining
20:04 Heavy Plow
26:12 Hand Cart
27:07 Ironclad
26:50 Scale Mail Armor
27:03 Forging
28:08 Chain Mail Armor
31:31 Stone Shaft Mining
31:32 Town Watch
32:16 Pikeman
32:57 Squires
33:38 Iron Casting
32:53 Fletching
36:39 Imperial Age
34:49 Bodkin Arrow
36:49 Halberdier
36:58 Halberdier
大明湖畔
9:16 Feudal Age
13:37 Castle Age
11:40 Double-Bit Axe
14:09 Wheelbarrow
15:07 Bow Saw
15:09 Horse Collar
18:06 Heavy Plow
21:40 Hand Cart
22:13 Gold Mining
23:46 Gold Shaft Mining
23:30 Scale Barding Armor
24:36 Husbandry
25:00 Chain Barding Armor
24:51 Bloodlines
25:25 Forging
25:31 Stone Mining
29:12 Iron Casting
33:26 Imperial Age
30:56 Loom
32:39 Town Watch
33:28 Pikeman
34:08 Squires
33:54 Arson
34:14 Scale Mail Armor
34:50 Plate Barding Armor
35:15 Blast Furnace
33:41 Cavalier
35:28 Two-Man Saw
34:09 Capped Ram
34:21 Halberdier
56:43 Padded Archer Armor
56:55 Siege Ram
63:43 Arson
66:22 Guilds
69:56 Light Cavalry
70:58 Hussar
_GeeK_
11:10 Feudal Age
14:03 Castle Age
12:16 Double-Bit Axe
12:25 Horse Collar
14:58 Bow Saw
14:50 Heavy Plow
16:21 Wheelbarrow
20:38 Gold Mining
22:42 Stone Mining
26:40 Imperial Age
23:57 Loom
25:36 Gold Shaft Mining
25:19 Scale Mail Armor
25:30 Forging
25:29 Town Watch
26:45 Hand Cart
26:52 Chain Mail Armor
27:41 Ballistics
28:23 Stone Shaft Mining
27:37 Heavy Scorpion
29:17 Double Crossbow
29:15 Pikeman
30:37 Iron Casting
30:48 Conscription
31:49 Chemistry
31:31 Siege Engineers
31:08 Capped Ram
33:37 Blast Furnace
32:50 Masonry
32:36 Murder Holes
32:52 Fortified Wall
32:33 Guard Tower
32:43 Halberdier
33:59 Fletching
34:10 Padded Archer Armor
33:49 Siege Ram
35:07 Bodkin Arrow
35:28 Leather Archer Armor
37:16 Bracer
37:47 Ring Archer Armor
37:50 Architecture
37:56 Keep
39:27 Coinage
40:36 Scale Barding Armor
42:32 Chain Barding Armor
42:24 Bloodlines
44:18 Town Patrol
44:21 Caravan
44:56 Banking
44:53 Husbandry
44:14 Light Cavalry
46:01 Hussar
47:18 Plate Barding Armor
47:20 Hoardings
46:47 Tusk Swords
47:25 Elite Battle Elephant
50:28 Onager
52:57 Caravan
56:29 Elite Skirmisher
Connection lost

Rejoining the realm…

Still unreachable

The connection could not be restored.

Session expired

The server has moved on; the page needs a fresh start.